 Dungeon Crawl Stone Soup version 0.13-a0-2926-g9203b68 (webtiles) character file.

217 Engwar the Cudgeler (level 5, 0/50 HPs)
             Began as an Ogre Hunter on Sept 3, 2013.
             Was an Initiate of the Shining One.
             Slain by oinker's ghost (8 damage)
             ... on Level 3 of the Dungeon.
             The game lasted 00:08:00 (3718 turns).

Engwar the Cudgeler (Ogre Hunter)                   Turns: 3718, Time: 00:08:00

HP   0/50        AC  3     Str 22      XL: 5   Next: 10%
MP   4/4         EV 10     Int 10      God: the Shining One [......]
Gold 91          SH  0     Dex 11      Spells:  0 memorised,  4 levels left

Res.Fire  : . . .   See Invis. : .   e - +0,+1 orc mace
Res.Cold  : . . .   Warding    : .   d - +0 animal skin
Life Prot.: . . .   Conserve   : .   (shield restricted)
Res.Poison: .       Res.Corr.  : .   (helmet restricted)
Res.Elec. : .       Clarity    : .   (no cloak)
Sust.Abil.: . .     Spirit.Shd : .   (gloves unavailable)
Res.Mut.  : .       Stasis     : .   (boots unavailable)
Res.Rott. : .       Flight     : .   w - amulet of the gourmand
Gourmand  : +                        (no ring)
                                     (no ring)

@: mighty, slightly resistant to hostile enchantments, unstealthy
A: unfitting armour, fast metabolism 1, saprovore 1, tough skin 1
a: Renounce Religion


You were on level 3 of the Dungeon.
You worshipped the Shining One. the Shining One was noncommittal.
You were not hungry.

You visited 1 branch of the dungeon, and saw 3 of its levels.

You collected 71 gold pieces.


Innate Abilities, Weirdness & Mutations

You are too large for most types of armour.
You have a fast metabolism.
You can tolerate rotten meat.
You have tough skin (AC +1).


   Skills:
 - Level 2.6 Fighting
 + Level 6.3 Maces & Flails
 - Level 4.3 Throwing
 - Level 1.7 Dodging
 - Level 0.7 Stealth


You had 4 spell levels left.
You didn't know any spells.

Inventory:

Hand weapons
 a - a +1,+1 club {=f}
 e - a +0,+1 orcish mace (weapon)
Missiles
 b - 5 large rocks (quivered)
 c - 2 throwing nets
 l - 30 stones
Armour
 d - a +0 animal skin (worn)
Comestibles
 f - 2 meat rations
Scrolls
 n - a scroll of recharging {unknown}
 q - 2 scrolls of enchant weapon II {unknown}
 r - a scroll of amnesia {unknown}
 t - a scroll of random uselessness {unknown}
Jewellery
 j - an uncursed amulet of guardian spirit
 w - an amulet of the gourmand (around neck)
Potions
 g - 2 potions of speed
 o - a potion of resistance {unknown}
 p - a potion of heal wounds
 s - a potion of slowing {unknown}

▒▒▒▒▒▒▒▒·▒▒▒▒▒▒ ▒·▒
▒p▒▒▒▒ ▒▒▒▒▒▒▒▒···>▒
·········▒▒·▒
▒▒▒▒▒▒▒▒▒▒▒·▒▒▒▒▒▒▒▒▒▒
▒·▒▒········▒
▒··p·········
▒▒▒▒O▒▒▒▒▒▒·▒
▒▒▒▒▒▒▒▒▒·▒
··········▒
▒▒▒▒▒▒▒▒▒▒▒


You could see oinker's ghost.


Message History

You barely miss oinker's ghost.
Oinker's ghost is moderately damaged.
Oinker's ghost hits you.
You hit oinker's ghost.
Oinker's ghost is heavily damaged.
Oinker's ghost hits you.
You completely miss oinker's ghost.
Oinker's ghost is heavily damaged.
Oinker's ghost hits you.
You sock oinker's ghost!
Oinker's ghost is severely damaged.
Oinker's ghost barely misses you.
You hit oinker's ghost.
Oinker's ghost is severely damaged.
Oinker's ghost hits you!
* * * LOW HITPOINT WARNING * * *
You hit oinker's ghost.
Oinker's ghost is severely damaged.
Oinker's ghost hits you.
* * * LOW HITPOINT WARNING * * *
Oinker's ghost hits you.
* * * LOW HITPOINT WARNING * * *
You barely miss oinker's ghost.
Oinker's ghost is severely damaged.
Oinker's ghost hits you.
* * * LOW HITPOINT WARNING * * *
You completely miss oinker's ghost.
Oinker's ghost is severely damaged.
Oinker's ghost hits you!
You die...

Action                   |  1- 3 |  4- 6 || total
-------------------------+-------+-------++-------
Melee: Club              |   179 |    69 ||   248
       Mace              |       |    22 ||    22
Throw: Stone             |    15 |       ||    15
       Club              |     3 |       ||     3
       Large rock        |     3 |     2 ||     5
  Use: Scroll            |       |     4 ||     4
       Potion            |       |     1 ||     1
 Stab: Sleeping          |     2 |       ||     2

Vault maps used:
D:1:      dpeg_entry_arbitrary_c
D:2:      grunt_temple_overflow_holy_war, first_bread
D:3:      general_overflow_altar

Notes
Turn   | Place    | Note
--------------------------------------------------------------
     0 | D:1      | Engwar, the Ogre Hunter, began the quest for the Orb.
     0 | D:1      | Reached XP level 1. HP: 20/20 MP: 0/0
   187 | D:1      | Reached skill level 2 in Maces & Flails
   454 | D:1      | Reached XP level 2. HP: 12/28 MP: 1/1
   592 | D:1      | Reached skill level 3 in Maces & Flails
  1543 | D:1      | Reached skill level 4 in Maces & Flails
  1543 | D:1      | Reached XP level 3. HP: 35/35 MP: 2/2
  1935 | D:2      | HP: 2/35 [inept scroll mimic (4)]
  2277 | D:2      | Reached skill level 5 in Maces & Flails
  2277 | D:2      | Reached XP level 4. HP: 44/44 MP: 3/3
  2445 | D:2      | Found a basalt altar of Yredelemnul.
  2448 | D:2      | Found a glowing golden altar of the Shining One.
  2451 | D:2      | Noticed an angel
  2457 | D:2      | Became a worshipper of the Shining One
  2474 | D:2      | Noticed a profane servitor
  3208 | D:3      | Reached skill level 6 in Maces & Flails
  3208 | D:3      | Reached XP level 5. HP: 21/50 MP: 4/4
  3209 | D:3      | Noticed oinker's ghost (average OgHu)
  3718 | D:3      | Slain by oinker's ghost

Vanquished Creatures
  An orc priest (D:3)
  An adder (D:2)
  An inept item mimic (D:2)
  2 giant mites
  2 worms (D:2)
  An ooze (D:1)
  4 orcs
  4 goblins
  9 hobgoblins
  9 kobolds
  6 bats
  4 jackals (D:1)
  6 rats
50 creatures vanquished.
